Map: Oxide LE

Players

Vanya

  • Race: Zerg Zerg
  • League: Grandmaster
  • Spawn Location: 1:00

TLHarstem (Harstem) - Winner!

  • Race: Protoss Protoss
  • League: Master
  • Spawn Location: 7:00

Event: DreamHack SC2 Masters 2020 Winter

VOD

Have the link to the VOD?

Description

Time

  • Played on: Oct. 24, 2020, 1:30 p.m.
  • Length: 11:47

All games in this series

Show
View Real Time Build Order
Export as new Build Order

Vanya Zerg 

Build Orders: Pool First 

Get SALT Encoding   

  12  0:00  Drone  
  13  0:12  Overlord  
  13  0:18  Drone  
  14  0:31  Drone  
  14  0:32  Drone  
  16  0:36  Drone  
  17  0:45  Spawning Pool  
  17  0:50  Drone  
  17  1:12  Hatchery  
  17  1:15  Drone  
  17  1:32  Zergling x6  
  20  1:35  Queen  
  22  1:58  Overlord  
  22  2:05  Hatchery  
  22  2:07  Drone  
  22  2:09  Extractor  
  22  2:10  Drone  
  23  2:15  Evolution Chamber  
  23  2:18  Drone  
  24  2:25  Queen  
  26  2:30  Drone  
  26  2:38  Drone  
  27  2:46  Overlord  
  27  2:47  Drone x2  
  29  3:00  Zergling x2  
  30  3:07  Hatchery  
  30  3:08  Zergling x2  
  30  3:12  Metabolic Boost  
  30  3:15  Queen  
  30  3:16  Drone  
  33  3:21  Drone x2  
  33  3:26  Overlord  
  35  3:30  Drone x2  
  35  3:33  Drone  
  38  3:38  Drone  
  38  3:39  Drone  
  40  3:45  Queen  
  42  3:52  Drone x3  
  42  3:54  Drone  
  46  3:56  Drone  
  46  3:58  Spore Crawler  
  46  4:02  Drone  
  47  4:11  Drone x4  
  51  4:19  Queen  
  51  4:22  Spore Crawler  
  52  4:26  Spore Crawler  
  52  4:27  Drone x4  
  52  4:30  Overlord  
  55  4:35  Drone x3  
  58  4:41  Overlord  
  58  4:45  Drone  
  58  4:47  Zergling x2  
  58  4:49  Zergling x2  
  58  4:53  Zergling x2  
  58  4:54  Zergling x6  
  58  4:56  Roach Warren  
  60  5:02  Zergling x10  
  60  5:05  Spore Crawler  
  64  5:08  Drone x2  
  66  5:18  Drone x3  
  69  5:21  Lair  
  69  5:23  Extractor  
  69  5:24  Extractor, Overlord  
  69  5:25  Drone x4  
  67  5:29  Drone  
  67  5:30  Drone  
  67  5:33  Drone x2  
  71  5:35  Drone x3  
  71  5:37  Drone  
  71  5:38  Drone  
  71  5:41  Drone  
  72  5:45  Evolution Chamber  
  69  5:51  Extractor  
  67  5:58  Drone  
  67  5:59  Drone x6  
  67  6:00  Extractor  
  67  6:03  Extractor  
  73  6:11  Drone x7  
  73  6:16  Drone, Hatchery  
  79  6:22  Roach x2  
  79  6:23  Overseer  
  80  6:27  Glial Reconstitution  
  80  6:30  Spire  
  80  6:31  Drone, Overlord  
  80  6:33  Roach  
  80  6:37  Overlord  
  82  6:41  Overlord  
  82  6:45  Overlord  
  82  6:47  Overlord  
  82  6:51  Roach x4, Overlord  
  90  6:58  Overlord  
  90  7:00  Roach x4  
  98  7:08  Roach x4  
  106  7:12  Zerg Missile Weapons Level 1  
  106  7:22  Zergling x22  
  117  7:42  Mutalisk x8  
  117  7:43  Mutalisk  
  135  7:45  Zergling x2  
  135  7:49  Overlord x2  
  136  7:54  Drone  
  136  7:55  Drone x5  
  135  8:08  Roach x4  
  135  8:09  Roach x3  
  147  8:19  Ravager x2  
  151  8:20  Ravager x2  
  151  8:22  Overlord  
  151  8:24  Overlord  
  151  8:25  Zergling x14  
  158  8:28  Overlord  
  158  8:37  Overlord  
  158  8:40  Overlord  
  158  8:45  Roach x6  
  158  8:46  Overlord  
  145  8:50  Roach x2  
  138  8:56  Roach x4  
  138  9:02  Ravager x5  
  145  9:08  Roach x4  
  153  9:15  Zergling x8  
  153  9:16  Zergling x6  
  155  9:25  Roach x6  
  155  9:29  Ravager x3  
  164  9:33  Drone x6  
  164  9:37  Extractor  
  145  9:50  Drone x3  
  145  9:51  Extractor, Roach x6  
  159  9:56  Roach x4  
  166  10:05  Roach x5  
  176  10:12  Drone x3  
  167  10:24  Roach x9  
  173  10:30  Ravager x4  
  173  10:34  Zergling x10  
  175  10:46  Roach x6  
  187  10:50  Overlord  
  187  10:54  Overlord  
  187  10:56  Overlord  
  185  11:03  Hatchery  
  172  11:05  Roach x4  
  172  11:06  Ravager x7  
  183  11:14  Roach x7  
  183  11:17  Overlord  
  197  11:23  Roach x4  
  193  11:27  Roach x2  
Show
View Real Time Build Order
Export as new Build Order

TLHarstem Protoss - Winner!

Build Orders: Oracle Opening, Zealot Archon 

Get SALT Encoding   

  12  0:00  Probe  
  13  0:12  Probe  
  14  0:18  Pylon  
  14  0:24  Probe  
  15  0:37  Probe (Chrono Boost)  
  15  0:40  Gateway  
  16  0:46  Probe (Chrono Boost)  
  16  0:49  Assimilator  
  17  0:51  Probe (Chrono Boost)  
  18  1:03  Forge  
  18  1:11  Probe  
  19  1:23  Probe  
  20  1:27  Zealot  
  20  1:28  Cybernetics Core  
  20  1:31  Pylon  
  22  1:34  Pylon  
  22  1:36  Probe  
  23  1:49  Probe  
  24  2:01  Adept (Chrono Boost), Probe  
  27  2:13  Probe  
  28  2:19  Pylon  
  28  2:26  Adept  
  30  2:41  Nexus  
  30  2:48  Probe  
  30  2:51  Assimilator  
  31  2:57  Stargate  
  31  3:00  Probe  
  32  3:10  Warp Gate  
  32  3:12  Probe (Chrono Boost)  
  33  3:23  Gateway  
  33  3:24  Probe (Chrono Boost)  
  34  3:31  Probe (Chrono Boost)  
  35  3:35  Pylon  
  35  3:39  Probe  
  35  3:40  Oracle (Chrono Boost)  
  39  3:53  Probe (Chrono Boost)  
  41  3:57  Probe (Chrono Boost)  
  42  4:03  Probe (Chrono Boost)  
  42  4:07  Probe (Chrono Boost)  
  42  4:08  Probe (Chrono Boost), Oracle (Chrono Boost)  
  43  4:17  Probe  
  48  4:19  Probe  
  49  4:27  Nexus  
  49  4:28  Pylon  
  49  4:31  Probe  
  50  4:32  Probe  
  51  4:43  Probe  
  51  4:44  Assimilator  
  52  4:46  Assimilator  
  52  4:51  Probe  
  48  4:55  Probe (Chrono Boost)  
  48  4:58  Robotics Facility  
  49  5:00  Adept x2  
  49  5:03  Probe (Chrono Boost)  
  49  5:04  Forge  
  49  5:06  Twilight Council  
  54  5:13  Probe (Chrono Boost)  
  56  5:14  Probe (Chrono Boost)  
  56  5:19  Probe (Chrono Boost)  
  56  5:20  Probe (Chrono Boost)  
  58  5:29  Probe  
  58  5:30  Gateway x2, Sentry  
  58  5:31  Probe  
  58  5:32  Zealot  
  64  5:40  Probe  
  64  5:42  Probe  
  64  5:43  Probe  
  64  5:48  Protoss Ground Weapons Level 1 (Chrono Boost)  
  59  5:50  Pylon  
  59  5:52  Probe  
  59  5:54  Probe  
  59  5:55  Probe  
  59  5:56  Zealot, Sentry  
  65  6:01  Charge  
  65  6:04  Probe  
  65  6:06  Probe  
  65  6:08  Probe  
  65  6:09  Shield Battery  
  68  6:12  Templar Archives  
  68  6:13  Observer (Chrono Boost)  
  68  6:16  Probe  
  68  6:18  Probe  
  71  6:20  Probe  
  71  6:27  Gateway  
  71  6:28  Probe  
  71  6:29  Gateway  
  71  6:30  Probe  
  71  6:32  Probe  
  74  6:35  Gateway  
  74  6:37  Gateway  
  74  6:40  Assimilator, Probe  
  74  6:41  Pylon  
  74  6:42  Probe  
  74  6:44  Assimilator  
  74  6:46  Warp Prism (Chrono Boost)  
  76  6:50  Probe  
  76  6:51  High Templar x2  
  83  6:54  Pylon  
  83  6:58  Archon  
  83  6:59  Zealot x2  
  87  7:10  Pylon  
  87  7:14  Immortal (Chrono Boost)  
  87  7:16  Gateway  
  87  7:21  High Templar x2  
  95  7:26  Probe  
  95  7:29  Pylon  
  96  7:30  Archon, Zealot x4  
  96  7:31  Pylon  
  96  7:33  Pylon  
  108  7:38  Phoenix  
  108  7:41  Shield Battery  
  108  7:42  Probe  
  107  7:45  Pylon, Zealot  
  107  7:48  Pylon  
  109  7:53  High Templar x2  
  109  7:54  Zealot x2  
  109  7:56  Immortal  
  121  8:03  Phoenix (Chrono Boost)  
  123  8:07  Archon, Probe  
  123  8:08  Probe  
  123  8:09  Shield Battery  
  119  8:16  Zealot x4  
  119  8:19  High Templar  
  129  8:20  High Templar  
  129  8:21  Phoenix (Chrono Boost)  
  129  8:26  Archon  
  133  8:34  Stalker x3, Pylon  
  130  8:39  Probe  
  130  8:40  Phoenix (Chrono Boost)  
  138  8:46  Protoss Ground Weapons Level 2 (Chrono Boost)  
  138  8:53  Zealot x5  
  144  8:58  Phoenix, Immortal (Chrono Boost)  
  144  8:59  Probe  
  143  9:08  Shield Battery  
  143  9:16  Zealot x2  
  147  9:28  Zealot x5  
  157  9:42  Probe  
  154  9:49  Zealot  
  154  9:52  Probe  
  157  9:53  Nexus  
  157  9:55  Pylon  
  157  10:00  Psionic Storm  
  157  10:02  Photon Cannon  
  157  10:06  Photon Cannon  
  157  10:15  Probe, Immortal (Chrono Boost)  
  157  10:16  Zealot x2  
  152  10:24  Nexus  
  152  10:28  Zealot x5  
  150  10:35  Zealot  
  150  10:47  Immortal (Chrono Boost)  
  150  10:48  High Templar  
  156  10:51  Pylon  
  156  10:54  Pylon x2  
  156  10:56  Pylon  
  156  11:02  Zealot x3  
  154  11:05  Zealot, Sentry  
  154  11:09  Zealot x3  
  156  11:14  Probe  
  156  11:16  Pylon  
  157  11:30  Zealot x6  
  167  11:34  Zealot x3  
Tags
 
Add a new tag
Caveats
  • Supply blocks, unpowered buildings, or Contaminate may cause inaccurate times.
  • Supply counts are checked every 10 seconds.